 Dungeon Crawl Stone Soup version 0.29.1-2-gbd0b4ee654 (webtiles) character file.

Game seed: 9221407845684682619

72 GorkyZ the Shield-Bearer (level 4, -1/37 HPs)
             Began as a Formicid Fighter on Nov 22, 2022.
             Succumbed to Sigmund's poison
             ... on level 2 of the Dungeon.
             The game lasted 00:03:51 (1914 turns).

GorkyZ the Shield-Bearer (Formicid Fighter)         Turns: 1914, Time: 00:03:52

Health: -1/37      AC:  7    Str: 23    XL:     4   Next: 48%
Magic:  4/4        EV: 10    Int:  7    God:
Gold:   62         SH:  5    Dex: 13    Spells: 3/3 levels left

rFire   . . .      SeeInvis +   a - +0 war axe
rCold   . . .      Faith    .   c - +0 buckler
rNeg    . . .      Spirit   .   b - +0 scale mail
rPois   .          Reflect  .   (helmet unavailable)
rElec   .          Harm     .   (no cloak)
rCorr   .          Rampage  .   (no gloves)
Will    .....                   (no boots)
Stlth   ..........              (no amulet)
HPRegen 0.12/turn               (no ring)
MPRegen 0.09/turn               (no ring)

@: lethally poisoned (-1 -> -15)
A: permanent stasis, dig shafts and tunnels, antennae 3, four strong arms
a: Dig, Shaft Self


You were on level 2 of the Dungeon.
You visited 1 branch of the dungeon, and saw 2 of its levels.

You collected 62 gold pieces.

Inventory:

Hand Weapons
 a - a +0 war axe (weapon)
 q - a +2 short sword of venom
Missiles
 f - 4 poisoned darts
Armour
 b - a +0 scale mail (worn)
 c - a +0 buckler (worn)
 r - a +0 chain mail
Scrolls
 e - 4 scrolls of identify {unknown}
 g - a scroll of enchant armour {unknown}
 h - a scroll of fear {unknown}
 m - a scroll of poison {unknown}
 n - a scroll of teleportation {unknown}
 p - a scroll of amnesia {unknown}
Potions
 d - 3 potions of might
 i - a potion of brilliance {unknown}
 j - a potion of flight {unknown}
 k - a potion of attraction {unknown}
 l - a potion of curing {unknown}
 o - a potion of mutation {unknown}


   Skills:
 + Level 3.6 Fighting
 + Level 2.4 Axes
 + Level 1.0 Throwing
 + Level 3.7 Armour
 + Level 1.0 Dodging
 + Level 4.4 Shields
 + Level 1.2 Evocations


You had 3 spell levels left.
You didn't know any spells.
Your spell library contained the following spells:

 Spells                   Type           Power      Damage    Failure   Level
 Ozocubu's Armour         Ice            0%         N/A       99%         3
 Metabolic Englaciation   Hex/Ice        0%         N/A       100%        5
 Simulacrum               Ice/Necr       0%         N/A       100%        6


Dungeon Overview and Level Annotations

Branches:
Dungeon (2/15)

Altars:

Annotations:
D:2 Sigmund


Innate Abilities, Weirdness & Mutations

You cannot be hasted, slowed, berserked, paralysed or teleported.
You can dig through walls and to a lower floor.
You have a pair of large antennae on your head. (SInv)
Your four strong arms can wield two-handed weapons with a shield.


Message History

Sigmund shouts!
Found a stone staircase leading up.
Sigmund says, "Your kind have come here before.
I understand now why.
You desire death..."
The worm barely misses you. Sigmund hits you but does no damage.
You are poisoned.
You barely miss Sigmund. You slash the worm!
You feel very sick. The worm barely misses you. Sigmund barely misses you.
You hit the worm.
The worm is severely wounded.
You closely miss Sigmund.
You feel sick. You block Sigmund's attack. The worm bites you!
You slash the worm!
You kill the worm!
You hit Sigmund.
You feel sick.
Sigmund hits you with a +0 scythe of venom.
You are more poisoned.
You barely miss Sigmund.
Sigmund is lightly wounded.
You feel very sick.
You are too injured to fight recklessly!
You are too injured to fight recklessly!
You are too injured to fight recklessly!
You are too injured to fight recklessly!
You are too injured to fight recklessly!
You are too injured to fight recklessly!
You are too injured to fight recklessly!
You are too injured to fight recklessly!
You are too injured to fight recklessly!
You are too injured to fight recklessly!
* * * LOW HITPOINT WARNING * * *
You feel very sick.
Sigmund hits you from afar with a +0 scythe of venom.
* * * LOW HITPOINT WARNING * * *
You are more poisoned.
* * * LOW HITPOINT WARNING * * *
You feel very sick.
* * * LOW HITPOINT WARNING * * *
You feel very sick.
You die...

########.........#.........
#.#.................
#.#.########.#+####. #.#.#
#.#.# #. #.#.# ###.#.# #.
#.#.# #...#.# #. #.#.#
#.###.# #. ####.####.#.#
#.###.####. #..?.......@#
#.......... #....###....#
########.##### ....###....#
#....#.....# #####...@...#
#.##.#.#.#.# .........[..#
#.##.#.#.#.# ............#
#.##.#)....#
............###.##.###...#
.<......[..##...##.# #...#
.....########.####.###...###


You could see Sigmund.

Vanquished Creatures
  2 adders (D:2)
  2 worms (D:2)
  4 dart slugs
  2 endoplasms
  A giant cockroach (D:1)
  6 goblins
  5 hobgoblins
  3 jackals (D:1)
  2 kobolds
  7 ball pythons
  3 bats (D:2)
  A frilled lizard (D:2)
  2 rats
40 creatures vanquished.

Vanquished Creatures (others)
  A plant (D:1)
1 creature vanquished.

Grand Total: 41 creatures vanquished

Notes
Turn   | Place    | Note
-------+----------+-------------------------------------------
     0 | D:1      | GorkyZ the Formicid Fighter began the quest for the Orb.
     0 | D:1      | Reached XP level 1. HP: 18/18 MP: 1/1
   239 | D:1      | Reached XP level 2. HP: 20/24 MP: 2/2
   942 | D:1      | Reached XP level 3. HP: 25/29 MP: 3/3
  1058 | D:1      | Found a faded altar of an unknown god.
  1221 | D:2      | Reached skill level 1 in Evocations
  1350 | D:2      | Reached XP level 4. HP: 29/35 MP: 4/4
  1362 | D:2      | Reached skill level 1 in Dodging
  1757 | D:2      | Reached skill level 1 in Throwing
  1903 | D:2      | Noticed Sigmund
  1913 | D:2      | HP: 1/37 [poisoned by Sigmund]
  1914 | D:2      | Succumbed to Sigmund's poison

Illustrated notes

Levels and vault maps discovered:
D:1:      roderic_octagonal_star, layout_loops_corners,
          chequers_ecumenical_altar_lobes
D:2:      layout_basic, uniq_sigmund, uniq_robin

Skill      XL: |  1  2  3  4 |
---------------+-------------+-----
Evocations     | 1 |  1.2
Dodging        | 1 |  1.0
Throwing       | 1 |  1.0
Fighting       | |  3.6
Axes           | |  2.4
Armour         | |  3.7
Shields        | |  4.4

Action                   |  1- 3 |  4- 6 || total
-------------------------+-------+-------++-------
Melee: War axe           |    70 |    50 ||   120
Armor: Scale mail        |    31 |    22 ||    53
Dodge: Dodged            |    32 |    30 ||    62
Block: Buckler           |    20 |    13 ||    33
